 Dungeon Crawl Stone Soup version 0.29-a0-275-g389c0b56f3 (webtiles) character file.

Game seed: 3587235406693830389

3849 Dabor the Cleaver (level 10, -8/64 HPs)
             Began as a Tengu Berserker on Mar 12, 2022.
             Was a Priest of Trog.
             Mangled by a troll (14 damage)
             ... on level 8 of the Dungeon.
             The game lasted 00:16:00 (7477 turns).

Dabor the Cleaver (Tengu Berserker)                 Turns: 7477, Time: 00:16:00

Health: -8/64      AC: 10    Str: 22    XL:     10   Next: 18%
Magic:  11/11      EV: 18    Int:  7    God:    Trog [***...]
Gold:   1559       SH:  0    Dex: 14    Spells: 9/9 levels left

rFire   + + +      SeeInvis .   b - +6 battleaxe (vamp)
rCold   . . .      Faith    +   (shield currently unavailable)
rNeg    . . .      Spirit   .   r - +0 steam dragon scales
rPois   +          Reflect  .   d - +1 hat of the Louse {rPois rF++ Stlth+}
rElec   .          Harm     .   f - +0 cloak
rCorr   .          Rampage  .   x - +0 pair of gloves
Will    .....                   (boots unavailable)
Stlth   ++........              n - amulet of faith
HPRegen 0.20/turn               p - ring of protection from fire
MPRegen 0.12/turn               (no ring)

@: about to teleport, on berserk cooldown, flying quickly and evasively, slowed,
very slow
A: beak, talons 3, nimble flight
a: Renounce Religion, Berserk, Trog's Hand


You were on level 8 of the Dungeon.
You worshipped Trog.
Trog was most pleased with you.
You visited 1 branch of the dungeon, and saw 9 of its levels.

You collected 1559 gold pieces.

Inventory:

Hand Weapons
 b - a +6 vampiric battleaxe (weapon)
Armour
 d - the +1 hat of the Louse (worn) {rPois rF++ Stlth+}
   (You acquired it on level 5 of the Dungeon)

   rF:        It greatly protects you from fire.
   rPois:     It protects you from poison.
   Stlth:     It makes you more stealthy.
 f - a +0 cloak (worn)
 i - a +0 ring mail
 r - +0 steam dragon scales (worn)
 x - a +0 pair of gloves (worn)
Jewellery
 n - an amulet of faith (around neck)
 p - a ring of protection from fire (left hand)
Wands
 q - a wand of paralysis (3)
 v - a wand of flame (12)
Scrolls
 c - 5 scrolls of teleportation
 k - a scroll of silence
 l - 3 scrolls of enchant armour
Potions
 a - 2 potions of haste {unknown}
 e - 2 potions of attraction {unknown}
 g - 2 potions of lignification {unknown}
 h - 2 potions of cancellation
 j - a potion of mutation {unknown}
 m - 2 potions of heal wounds {unknown}
 o - 3 potions of magic {unknown}
 u - 6 potions of curing {unknown}


   Skills:
 + Level 7.8 Fighting
 + Level 8.6 Axes
 + Level 8.1 Armour
 + Level 8.1 Dodging


You had 9 spell levels left.
You didn't know any spells.
Your spell library was empty.

Dungeon Overview and Level Annotations

Branches:
Dungeon (9/15)             Temple (0/1) D:5
   Lair: D:8-11         Orc: D:9-12

Altars:
Cheibriados
Kikubaaqudgha
Ru


Innate Abilities, Weirdness & Mutations

You have a beak for a mouth.
You have claws for feet.
Your magical nature lets you fly swiftly and evasively.


Message History

The gnoll closely misses you.
You hit the gnoll.
You kill the gnoll!
Trog accepts your kill.
Things that are here:
a +0 flail; a gnoll corpse You feel a strong urge to attack something.
You are no longer berserk.
You are exhausted.
You feel yourself slow down.
You now have 1559 gold pieces (gained 20).
A troll comes into view.
The troll shouts!
You hear the faint creaking of a very distant portcullis.
You slash the troll! You claw the troll.
The troll is moderately wounded.
The troll bites you! The troll claws you but does no damage.
The troll misses you. The troll barely misses you. The troll claws you.
The troll completely misses you.
You hit the troll.
You feel better.
Your kick misses the troll.
The troll is moderately wounded.
The troll bites you but does no damage. The troll claws you!
The troll claws you. The troll barely misses you. The troll claws you.
The troll claws you!
You closely miss the troll. You claw the troll. Your peck misses the troll.
The troll is moderately wounded.
The troll completely misses you. The troll misses you.
The troll claws you but does no damage. The troll bites you but does no damage.
The troll claws you.
* * * LOW HITPOINT WARNING * * *
The troll misses you.
Okay, then.
As you read the scroll of teleportation, it crumbles to dust.
You feel strangely unstable. The troll bites you.
* * * LOW HITPOINT WARNING * * *
The troll claws you!
* * * LOW HITPOINT WARNING * * *
The troll claws you but does no damage. The troll attacks as you move away!
The troll bites you!
You die...

#.# .# ##.# .#
##..##.# #......#
......#
.........####.....#
.......... #..T...#
..........##..@.#.#
...#................##
>..#.................#
....#....##........##
###..##......###.##.#
...............#.# .#
...............#.# .#
.........).......# #
.........#.)†....##


You could see a troll.

Vanquished Creatures
  Joseph (D:7)
  Maggie (D:6)
  Grinder (D:3)
  A steam dragon (D:8)
  Edmund (D:6)
  Menkaure (D:6)
  2 water moccasins
  An orc warrior (D:6)
  3 sky beasts
  2 ogres
  3 ice beasts
  2 centaurs
  2 phantoms
  4 bullfrogs
  A necrophage (D:6)
  5 scorpions
  4 orc priests
  3 gnoll shamans
  3 hounds
  6 iguanas
  2 orc wizards (D:3)
  6 adders
  11 gnolls
  2 shadow imps
  2 white imps
  4 ufetubi
  4 dart slugs
  27 orcs
  3 ball pythons
  4 endoplasms
  3 giant cockroaches
  6 hobgoblins
  4 jackals (D:1)
  6 quokkas
  2 bats (D:2)
  2 frilled lizards (D:3)
  5 goblins
  8 kobolds
  8 rats
156 creatures vanquished.

Vanquished Creatures (others)
  An orc (D:3)
1 creature vanquished.

Grand Total: 157 creatures vanquished

Notes
Turn   | Place    | Note
-------+----------+-------------------------------------------
     0 | D:1      | Dabor the Tengu Berserker began the quest for the Orb.
     0 | D:1      | Reached XP level 1. HP: 14/14 MP: 2/2
    72 | D:1      | Reached XP level 2. HP: 13/19 MP: 3/3
   597 | D:1      | Found a faded altar of an unknown god.
  1029 | D:2      | Reached XP level 3. HP: 21/23 MP: 4/4
  1272 | D:2      | Reached ** piety under Trog
  1504 | D:2      | Reached XP level 4. HP: 23/28 MP: 5/5
  2126 | D:3      | Found a sacrificial altar of Ru.
  2179 | D:3      | Found a snail-covered altar of Cheibriados.
  2250 | D:3      | Gained mutation: Your magical nature lets you fly swiftly
                  | and evasively. [Tengu growth]
  2250 | D:3      | Reached XP level 5. HP: 33/33 MP: 6/6
  2612 | D:3      | Noticed Grinder
  2625 | D:3      | Killed Grinder
  2626 | D:3      | Reached XP level 6. HP: 39/39 MP: 7/7
  2756 | D:3      | Reached skill level 5 in Axes
  3260 | D:4      | Found an ancient bone altar of Kikubaaqudgha.
  3396 | D:4      | Reached XP level 7. HP: 37/44 MP: 8/8
  4260 | D:5      | Entered Level 5 of the Dungeon
  4311 | D:5      | Reached skill level 5 in Fighting
  4311 | D:5      | Reached skill level 5 in Dodging
  4381 | D:5      | Reached skill level 5 in Armour
  4388 | D:5      | Reached XP level 8. HP: 33/49 MP: 9/9
  4783 | D:5      | Found a staircase to the Ecumenical Temple.
  5943 | D:6      | Noticed Menkaure
  6015 | D:6      | Identified 2 scrolls of acquirement
  6079 | D:5      | Acquired a +5 vampiric battleaxe
  6095 | D:5      | Acquired the +1 hat of the Louse {rPois rF++ Stlth+}
  6101 | D:5      | Acquired 1212 gold pieces
  6250 | D:6      | Noticed Maggie
  6254 | D:6      | Paralysed by Maggie for 2 turns
  6258 | D:6      | Killed Maggie
  6259 | D:6      | Reached XP level 9. HP: 56/56 MP: 10/10
  6383 | D:6      | Reached *** piety under Trog
  6682 | D:6      | Noticed Edmund
  6693 | D:6      | Killed Edmund
  6765 | D:6      | Killed Menkaure
  7107 | D:7      | Noticed Joseph
  7122 | D:7      | Killed Joseph
  7270 | D:7      | Reached XP level 10. HP: 63/63 MP: 11/11
  7324 | D:7      | You are sucked into a shaft and drop 2 floors!
  7477 | D:8      | Mangled by a troll

Illustrated notes

Levels and vault maps discovered:
D:1:      mrwooster_arrival_arrow, layout_basic,
          shapermc_ecumenical_altar_mp_highgroup
D:2:      layout_basic
D:3:      layout_basic, mainiacjoe_overflow_catwalk_spiral, kennysheep_doodads,
          uniq_grinder
D:4:      layout_loops_ring, mainiacjoe_overflow_concentric_impassable,
          grunt_tough_drop
D:5:      layout_cave_pods, minmay_temple_entry_slanted, corexii_checkpoint_a,
          hangedman_decor_peaks_small
D:6:      wad_crossroads, layout_basic, uniq_menkaure, uniq_edmund, uniq_maggie
D:7:      layout_cave_pods, uniq_joseph
D:8:      layout_cave_pools, enter_bailey_4, st_stairs_7,
          hangedman_decor_diamond_cutter, grunt_decor_arrowhead,
          minmay_shop_chei
D:9:      minmay_evil_eye, layout_loops_corners, kennysheep_mini_moat,
          serial_shops, nicolae_diamond_shop

Skill      XL: |  1  2  3  4  5  6  7  8  9 10 |
---------------+-------------------------------+-----
Armour         | 3 4 5 6 7 8 |  8.1
Dodging        | 3 4 5 6 7 8 |  8.1
Axes           | 4 5 7 8 |  8.6
Fighting       | 4 5 6 7 |  7.8

Action                   |  1- 3 |  4- 6 |  7- 9 | 10-12 || total
-------------------------+-------+-------+-------+-------++-------
Melee: Hand axe          |    85 |    69 |       |       ||   154
       Kick              |    18 |    25 |    48 |     8 ||    99
       Peck              |    14 |    16 |    31 |     4 ||    65
       Trident           |       |    42 |   123 |       ||   165
       Battleaxe         |       |       |    62 |    34 ||    96
Invok: Berserk           |       |     3 |     4 |     2 ||     9
       Trog's Hand       |       |     2 |     3 |       ||     5
  Use: Scroll            |       |       |    13 |     1 ||    14
       Potion            |       |       |     2 |       ||     2
 Stab: Sleeping          |     1 |       |     1 |       ||     2
Armor: Animal skin       |     2 |       |       |       ||     2
       Ring mail         |    26 |    25 |    24 |       ||    75
       Chain mail        |       |     1 |       |       ||     1
       Steam dragon scal |       |       |    21 |    13 ||    34
Dodge: Dodged            |    48 |    55 |   118 |    41 ||   262
Block: Buckler           |       |     8 |    12 |       ||    20

Table legend: (Time is in decaauts)
 A = Elapsed time spent in this place.
 B = Non-inter-level travel time spent in this place.
 C = Inter-level travel time spent in this place.
 D = Time resting spent in this place.
 E = Time spent auto-exploring this place.
 F = Levels seen in this place.
 G = Mean time per level.
                   A        B        C        D        E       F      G
               +--------+--------+--------+--------+--------+-----+--------+
         Total |   7334 |   7121 |    213 |      0 |   5682 |   9 |  814.9 |
       Dungeon |   7334 |   7121 |    213 |      0 |   5682 |   9 |  814.9 |
               +--------+--------+--------+--------+--------+-----+--------+

Top non-repeatable levels by time:
     D:3: 1615 daAuts
     D:5: 1574 daAuts
     D:6: 1135 daAuts
     D:1: 1024 daAuts
     D:4: 902 daAuts
     D:2: 681 daAuts
     D:7: 234 daAuts
     D:8: 159 daAuts
     D:9: 6 daAuts
